 Dungeon Crawl Stone Soup version 0.24.0-123-gd5b16e6ec5 (webtiles) character file.

Game seed: 8659805081434541936, levelgen mode: deterministic

1878 FluffierThanThou the Skirmisher (level 8, -11/68 HPs)
             Began as a Demonspawn Fighter on Feb 3, 2020.
             Mangled by an orc warrior
             ... wielding a +0 flail
              (19 damage)
             ... on level 7 of the Dungeon.
             The game lasted 00:12:16 (5742 turns).

FluffierThanThou the Skirmisher (DsFi)              Turns: 5742, Time: 00:12:17

Health: -11/68     AC:  8    Str: 19    XL:     8   Next: 91%
Magic:  8/8        EV:  8    Int:  9    God:
Gold:   352        SH: 10    Dex: 13    Spells: 7/7 levels left

rFire    + . .     SeeInvis .   x - +2 hand axe (chop)
rCold    . . .     Gourm    .   c - +0 shield
rNeg     . . .     Faith    .   b - +0 scale mail
rPois    .         Spirit   .   (no helmet)
rElec    .         Reflect  .   (no cloak)
rCorr    .         Harm     .   (no gloves)
MR       .....                  u - +0 pair of boots
Stlth    ..........             (no amulet)
HPRegen  0.21/turn              (no ring)
MPRegen  0.11/turn              (no ring)

@: no status effects
A: talons 1, fire resistance 1, spiny 1, sturdy frame 1
a: no special abilities


You were on level 7 of the Dungeon.
You were not hungry.

You visited 1 branch of the dungeon, and saw 7 of its levels.

You collected 489 gold pieces.
You spent 137 gold pieces at shops.

Inventory:

Hand Weapons
 a - a +0 war axe
 t - a +2 flail of crushing
   (You found it on level 6 of the Dungeon)
 x - a +2 hand axe of chopping (weapon)
   (You took it off an orc priest on level 3 of the Dungeon)
Armour
 b - a +0 scale mail (worn)
 c - a +0 shield (worn)
 u - a +0 pair of boots (worn)
   (You found it on level 2 of the Dungeon)
 y - a +2 buckler
   (You found it on level 3 of the Dungeon)
Jewellery
 D - a cursed amulet of inaccuracy {unknown}
   (You found it on level 7 of the Dungeon)
Wands
 q - a wand of iceblast (24)
   (You found it on level 2 of the Dungeon)
Scrolls
 g - a scroll of fog {unknown}
 i - 3 scrolls of enchant weapon
 k - 4 scrolls of magic mapping {unknown}
 l - 2 scrolls of enchant armour {unknown}
 n - 4 scrolls of remove curse {unknown}
 o - 7 scrolls of identify {@r1}
 s - a scroll of amnesia {unknown}
 w - a scroll of fear {unknown}
 A - a scroll of immolation {unknown}
 B - 3 scrolls of teleportation {@r4}
 C - a scroll of blinking {unknown}
Potions
 f - 2 potions of haste {unknown}
 h - 6 potions of curing {unknown}
 j - 2 potions of invisibility {unknown}
 m - a potion of heal wounds {unknown}
 p - 3 potions of degeneration {unknown}
 r - 2 potions of agility {unknown}
 v - a potion of lignification {unknown}
 z - 2 potions of berserk rage {unknown}
 E - a potion of flight {unknown}
Comestibles
 d - 5 chunks of flesh
 e - 16 rations {!d}


   Skills:
 * Level 7.9 Fighting
 + Level 5.0 Axes
 + Level 5.3 Armour
 + Level 5.4 Shields


You had 7 spell levels left.
You didn't know any spells.
Your spell library contained the following spells:

 Spells                   Type           Power        Failure   Level  Hunger
 Animate Skeleton         Necr           N/A          95%         1    ##.....
 Confusing Touch          Hex            #.....       95%         1    ##.....
 Pain                     Necr           #...         95%         1    ##.....
 Confuse                  Hex            #.......     100%        3    ####...
 Gell's Gravitas          Tloc           #.........   100%        3    ####...
 Regeneration             Chrm/Necr      #.........   100%        3    ####...
 Vampiric Draining        Necr           #.........   100%        3    ####...
 Animate Dead             Necr           N/A          100%        4    #####..
 Petrify                  Tmut/Erth      #.......     100%        4    #####..
 Metabolic Englaciation   Hex/Ice        #.........   100%        5    ######.
 Yara's Violent Unravell  Hex/Tmut       #.........   100%        5    ######.


Dungeon Overview and Level Annotations

Branches:
Dungeon (7/15)             Temple (0/1) D:6

Altars:
Ashenzari
Dithmenos
Okawaru

Shops:
D:4 **?*:

Annotations:
D:5 3 runed translucent doors, Thargor's ghost, amateur OpFE


Innate Abilities, Weirdness & Mutations

You have sharp toenails.
Your flesh is heat resistant. (rF+)
You are partially covered in sharp spines.
Your movements are slightly less encumbered by armour. (ER -2)


Message History

You feel sick.
You feel sick.
You feel sick.
An orc and an orc wizard come into view.
You feel sick.
The orc wizard shouts!
An orc warrior comes into view. It is wielding a +0 flail.
The orc wizard mumbles some strange words.
The orc wizard blinks!
You hit the orc. The orc hits you but does no damage.
You hit the orc.
You kill the orc!
You feel sick.
The orc warrior hits you with a +0 flail!
Things that are here:
a cursed -2 dagger; a +0 leather armour You hit the orc warrior.
You barely miss the orc wizard.
The orc wizard gestures at you while chanting.
The magic dart hits you.
The orc warrior hits you with a +0 flail.
You hit the orc warrior but do no damage.
You slash the orc wizard! You block the orc wizard's attack.
The orc warrior hits you with a +0 flail!
* * * LOW HITPOINT WARNING * * *
You closely miss the orc wizard.
You hit the orc warrior but do no damage.
You feel sick.
The orc wizard is struck by your spines.
You kill the orc wizard!
The orc warrior closely misses you.
Things that are here:
a +0 dagger; a +0 robe; an orc corpse You hit the orc warrior.
You block the orc warrior's attack.
You hit the orc warrior.
You feel sick.
You slash the orc warrior! The orc warrior barely misses you.
You hit the orc warrior.
The orc warrior hits you with a +0 flail!
* * * LOW HITPOINT WARNING * * *
You hit the orc warrior.
The orc warrior hits you with a +0 flail!
* * * LOW HITPOINT WARNING * * *
You hit the orc warrior but do no damage.
You feel sick.
You are no longer poisoned.
The orc warrior is struck by your spines.
The orc warrior hits you with a +0 flail!
* * * LOW HITPOINT WARNING * * *
You completely miss the orc warrior.
The orc warrior hits you with a +0 flail!!
You die...

##### #...# ....#
....### ####### ##....
[.... ###.### #.#.#
#..... #.#.## #.#.#
#$)o.##.#.. ....# #
#.#@....... #.###
#.##.#.###.##. ...#
#..........# ...#
####.####### ...#
#.......# ...#####
##.##.##.#
...<...###...#.##.#...
.......รท..............
.......###....###.#...


You could see an orc warrior.

Vanquished Creatures
  4 ogres
  A centaur (D:6)
  4 bullfrogs
  Blork the orc (D:5)
  A scorpion (D:7)
  4 crimson imps
  3 hounds
  6 orc wizards
  A centaur skeleton (D:5)
  5 orc priests
  2 iguanas
  5 worker ants
  2 hound zombies (D:6)
  A worker ant zombie (D:5)
  5 gnolls
  A howler monkey skeleton (D:7)
  10 adders
  A shadow imp (D:5)
  An ooze (D:2)
  An adder zombie (D:5)
  2 adder skeletons
  A worm (D:3)
  2 dart slugs
  26 orcs
  3 giant cockroaches
  19 goblins
  12 hobgoblins
  4 jackals (D:2)
  3 quokkas
  3 ball pythons
  14 bats
  6 frilled lizards
  11 kobolds
  A quokka skeleton (D:6)
  5 rats
171 creatures vanquished.

Notes
Turn   | Place    | Note
-------+----------+-------------------------------------------
     0 | D:1      | FluffierThanThou the Demonspawn Fighter began the quest for
                  | the Orb.
     0 | D:1      | Reached XP level 1. HP: 18/18 MP: 1/1
   157 | D:1      | Gained mutation: You are partially covered in sharp spines.
                  | [demonic ancestry]
   157 | D:1      | Reached XP level 2. HP: 19/24 MP: 2/2
   302 | D:1      | You fall into a shaft and drop 1 floor!
   473 | D:1      | Gained mutation: You have sharp toenails. [demonic
                  | ancestry]
   473 | D:1      | Reached XP level 3. HP: 22/29 MP: 3/3
   937 | D:2      | Reached XP level 4. HP: 33/37 MP: 4/4
  1163 | D:2      | Reached skill level 4 in Fighting
  1835 | D:3      | Gained mutation: Your flesh is heat resistant. (rF+)
                  | [demonic ancestry]
  1835 | D:3      | Reached XP level 5. HP: 42/43 MP: 5/5
  1867 | D:3      | Noticed an ogre
  1878 | D:3      | Killed an ogre
  2250 | D:3      | Found an iron altar of Okawaru.
  2310 | D:3      | Gained mutation: Your movements are slightly less
                  | encumbered by armour. (ER -2) [demonic ancestry]
  2310 | D:3      | Reached XP level 6. HP: 18/50 MP: 6/6
  2312 | D:3      | Reached skill level 5 in Fighting
  2636 | D:3      | Found a shadowy altar of Dithmenos.
  2646 | D:3      | Found a shattered altar of Ashenzari.
  2694 | D:4      | Found Yzimuula's General Store.
  3081 | D:4      | Found Hyacvikh's Magic Scroll Boutique.
  3089 | D:4      | Bought a scroll of teleportation for 33 gold pieces
  3089 | D:4      | Bought a scroll of enchant weapon for 82 gold pieces
  3089 | D:4      | Bought a scroll of identify for 22 gold pieces
  3093 | D:4      | Found Ome Guch's General Store.
  3122 | D:4      | Found Ulaca's Book Boutique.
  3176 | D:4      | Found Kech's General Store.
  3434 | D:5      | Entered Level 5 of the Dungeon
  3687 | D:5      | Reached XP level 7. HP: 40/56 MP: 7/7
  3822 | D:5      | Noticed Thargor's ghost (amateur OpFE)
  3844 | D:5      | Found a runed translucent gate.
  3844 | D:5      | Found a runed translucent gate.
  3844 | D:5      | Found a runed translucent gate.
  3892 | D:5      | Noticed Blork the orc
  3902 | D:5      | Killed Blork the orc
  3906 | D:5      | Reached skill level 6 in Fighting
  4805 | D:6      | Reached XP level 8. HP: 54/65 MP: 8/8
  4982 | D:6      | Found a staircase to the Ecumenical Temple.
  5128 | D:6      | Reached skill level 7 in Fighting
  5423 | D:7      | Reached skill level 5 in Shields
  5441 | D:7      | Reached skill level 5 in Armour
  5703 | D:7      | Reached skill level 5 in Axes
  5742 | D:7      | Mangled by an orc warrior

Levels and vault maps discovered:
D:1:      co_arrival_square_in_a_square_in_a_square, layout_basic, fountainhead
D:2:      minmay_angry_zag, layout_basic, skrybe_limestone_x, st_stairs_5,
          chequers_arboretum, minmay_quantized
D:3:      layout_loops_ring, okawaru_trees_1, minitemple, minmay_ogre_servants
D:4:      layout_basic, serial_shops, shop, shop, shop_statue,
          kennysheep_mini_moat, shop, first_ration
D:5:      layout_basic, gammafunk_ghost_icy, uniq_blork_the_orc
D:6:      layout_basic, temple_statues
D:7:      layout_loops_cross

Skill      XL: |  1  2  3  4  5  6  7  8 |
---------------+-------------------------+-----
Axes           | 2 3 4 5 |  5.0
Armour         | 3 4 5 |  5.3
Shields        | 3 4 5 |  5.4
Fighting       | 4 5 6 7 |  7.9

Action                   |  1- 3 |  4- 6 |  7- 9 || total
-------------------------+-------+-------+-------++-------
Melee: War axe           |    79 |    77 |       ||   156
       Kick              |    10 |    11 |       ||    21
       Hand axe          |       |    54 |   181 ||   235
Throw: Throwing net      |       |       |     1 ||     1
  Use: Potion            |       |     2 |       ||     2
  Eat: Chunk             |       |     8 |     4 ||    12
       Ration            |       |       |     1 ||     1
Armor: Scale mail        |    29 |    42 |    57 ||   128
Dodge: Dodged            |    18 |    61 |    45 ||   124
Block: Shield            |    42 |    72 |    86 ||   200
